 Dungeon Crawl Stone Soup version 0.23.2-33-g5129a83184 (webtiles) character file.

Game seed: 4791629513509652603

226 funkygono the Shield-Bearer (level 6, -10/49 HPs)
             Began as a Formicid Fighter on July 25, 2019.
             Mangled by Blork the orc
             ... wielding a +3 hand axe of electrocution
              (20 damage)
             ... on level 4 of the Dungeon.
             The game lasted 00:06:12 (2564 turns).

funkygono the Shield-Bearer (Formicid Fighter)      Turns: 2564, Time: 00:06:13

Health: -10/49     AC:  8    Str: 21    XL:     6   Next: 22%
Magic:  6/6        EV:  9    Int:  8    God:
Gold:   119        SH: 10    Dex: 11    Spells: 5/5 levels left

rFire    . . .     SeeInvis +   a - +1 flail
rCold    . . .     Gourm    .   c - +0 shield
rNeg     . . .     Faith    .   b - +0 scale mail
rPois    .         Spirit   .   (helmet unavailable)
rElec    .         Reflect  .   (no cloak)
rCorr    .         Harm     .   (no gloves)
MR       .....                  k - +0 pair of boots
Stlth    ..........             s - amulet of regeneration
HPRegen  0.56/turn              (no ring)
MPRegen  0.10/turn              (no ring)

@: no status effects
A: permanent stasis, dig shafts and tunnels, four strong arms, antennae 3
a: Dig, Shaft Self


You were on level 4 of the Dungeon.
You were not hungry.

You visited 1 branch of the dungeon, and saw 4 of its levels.

You collected 119 gold pieces.

Inventory:

Hand Weapons
 a - a +1 flail (weapon)
Missiles
 e - 99 stones (quivered)
 j - 6 bolts
 l - 59 arrows
 m - 13 sling bullets
Armour
 b - a +0 scale mail (worn)
 c - a +0 shield (worn)
 k - a +0 pair of boots (worn)
Jewellery
 s - an amulet of regeneration (around neck)
Scrolls
 g - a scroll of identify
 h - 5 scrolls of remove curse
 i - a scroll of enchant weapon
Potions
 d - 3 potions of might
 n - a potion of resistance {unknown}
 o - a potion of ambrosia {unknown}
 q - a potion of curing {unknown}
 r - 2 potions of degeneration {unknown}
Comestibles
 f - 4 rations
 p - a chunk of flesh


   Skills:
 + Level 4.6 Fighting
 - Level 2.0 Maces & Flails
 + Level 4.3 Armour
 + Level 1.6 Dodging
 + Level 0.5 Stealth
 + Level 5.5 Shields


You had 5 spell levels left.
You didn't know any spells.
Your spell library was empty.

Dungeon Overview and Level Annotations

Branches:
Dungeon (4/15)
 Temple: D:4-7

Altars:

Shops:
D:4 [

Annotations:
D:4 Blork the orc


Innate Abilities, Weirdness & Mutations

You cannot be hasted, slowed, berserked, paralysed or teleported.
You can dig through walls and to a lower floor.
Your four strong arms can wield two-handed weapons with a shield.
You have a pair of large antennae on your head. (SInv)


Message History

Blork the orc is almost dead.
Blork the orc hits you but does no damage.
You closely miss Blork the orc.
Blork the orc is almost dead.
Blork the orc hits you with a +3 hand axe of electrocution.
You block Blork the orc's attack.
You closely miss Blork the orc.
Blork the orc is almost dead.
Blork the orc hits you but does no damage.
You are electrocuted!
* * * LOW HITPOINT WARNING * * *
Blork the orc hits you with a +3 hand axe of electrocution.
* * * LOW HITPOINT WARNING * * *
You hit Blork the orc.
Blork the orc is almost dead.
Blork the orc hits you with a +3 hand axe of electrocution.
* * * LOW HITPOINT WARNING * * *
Blork the orc hits you but does no damage.
You are electrocuted!!
You die...

. #. ##.# .#.#o.
?.....###
........# #.# #.
#o# #. #@#
#.###.########.#
###..............#
#..............###
#
.....##.##.##....#
#.#.. ####....##.#
.### #.#..
#.##.##.# # ...<
#....##.# #..#
#.##.##..


You could see Blork the orc.

Vanquished Creatures
  A scorpion (D:4)
  2 orc wizards (D:4)
  3 adders
  An adder skeleton (D:4)
  3 worms (D:2)
  3 dart slugs
  A leopard gecko (D:3)
  4 orcs
  7 bats
  4 giant cockroaches
  12 goblins
  10 hobgoblins
  4 jackals (D:2)
  A quokka (D:3)
  2 ball pythons
  3 frilled lizards
  6 kobolds
  7 rats
  A bush (D:4)
75 creatures vanquished.

Notes
Turn   | Place    | Note
-------+----------+-------------------------------------------
     0 | D:1      | funkygono the Formicid Fighter began the quest for the Orb.
     0 | D:1      | Reached XP level 1. HP: 18/18 MP: 1/1
    49 | D:1      | Reached XP level 2. HP: 20/24 MP: 2/2
   151 | D:1      | Reached skill level 4 in Shields
   244 | D:1      | Reached XP level 3. HP: 24/30 MP: 3/3
   906 | D:2      | Reached XP level 4. HP: 35/37 MP: 4/4
  1757 | D:3      | Reached skill level 1 in Dodging
  1954 | D:3      | Reached XP level 5. HP: 42/42 MP: 5/5
  2115 | D:4      | Reached skill level 5 in Shields
  2443 | D:4      | Found Cidduall's Antique Armour Shop.
  2533 | D:4      | Reached XP level 6. HP: 49/49 MP: 6/6
  2552 | D:4      | Noticed Blork the orc
  2564 | D:4      | Mangled by Blork the orc

Skill      XL: |  1  2  3  4  5 |
---------------+----------------+-----
Shields        | 4 5 |  5.5
Fighting       | 4 |  4.6
Dodging        | 1 |  1.6
Armour         | 4 |  4.3
Maces & Flails | |  2.0
Stealth        | |  0.5

Action                   |  1- 3 |  4- 6 || total
-------------------------+-------+-------++-------
Melee: Flail             |   116 |   224 ||   340
  Use: Scroll            |     2 |     5 ||     7
  Eat: Chunk             |       |     6 ||     6
Armor: Scale mail        |    40 |    52 ||    92
Dodge: Dodged            |    47 |    44 ||    91
Block: Shield            |    65 |    86 ||   151
